 Dungeon Crawl Stone Soup version 0.30.1-11-g7821555f0a (webtiles) character file.

Game seed: 13778843092639014008

13044 popas the Bludgeoner (level 11, -2/94 HPs)
             Began as a Minotaur Fighter on Nov 12, 2023.
             Was a High Priest of Okawaru.
             Slain by a catoblepas (10 damage)
             ... while petrified by a catoblepas
             ... on level 2 of the Lair of Beasts.
             The game lasted 00:42:33 (10850 turns).

popas the Bludgeoner (Minotaur Fighter)            Turns: 10850, Time: 00:42:34

Health: -2/94      AC: 16    Str: 25    XL:     11   Next: 70%
Magic:  13/13      EV:  2    Int:  8    God:    Okawaru [*****.]
Gold:   644        SH:  0    Dex: 10    Spells: 10/10 levels left

rFire   + . .        i - +3 mace (flame)
rCold   . . .        k - +2 buckler
rNeg    + + +        z - +3 scale mail of the Midnight Sun {Harm rElec rN+ Int+3}
rPois   ∞            (helmet unavailable)
rElec   +            p - +2 cloak {rCorr}
rCorr   +            j - +0 pair of gloves
SInv    .            (no boots)
Will    .....        (no amulet) Stlth
                     h - ring of positive energy
HPRegen 0.35/turn    (no ring)
MPRegen 0.13/turn

%: harm (+30% outgoing, +20% incoming)
@: petrified, studying Shields
A: horns 3, retaliatory headbutt, deterioration 1, fire resistance 1, no potion
heal 1, inability to read after injury 1
a: Renounce Religion, Heroism, Finesse, Duel


You were on level 2 of the Lair of Beasts.
You worshipped Okawaru.
Okawaru was extremely pleased with you.
You visited 3 branches of the dungeon, and saw 12 of its levels.
You also visited: Sewer.

You collected 644 gold pieces.

Inventory:

Hand Weapons
 i - a +3 mace of flaming (weapon)
 w - a +1 lajatang of pain
Missiles
 f - 9 silver javelins (quivered)
Armour
 c - +0 swamp dragon scales
 j - a +0 pair of gloves (worn)
 k - a +2 buckler (worn)
 p - a +2 cloak of preservation (worn)
 z - the +3 scale mail of the Midnight Sun (worn) {Harm rElec rN+ Int+3}
   (Okawaru gifted it to you on level 2 of the Lair of Beasts)

   Int:       It affects your intelligence (+3).
   rElec:     It insulates you from electricity.
   rN:        It protects you from negative energy.
   Harm:      It increases damage dealt and taken.
Jewellery
 h - a ring of positive energy (left hand)
 x - a ring of positive energy
Wands
 d - a wand of paralysis (1)
 o - a wand of flame (6)
 u - a wand of light (4)
 v - a wand of digging (4)
Scrolls
 a - a scroll of poison
 b - a scroll of amnesia {unknown}
 l - a scroll of teleportation
 n - 3 scrolls of blinking
 q - a scroll of noise
 s - a scroll of fog
 t - 2 scrolls of fear
 y - a scroll of identify
Potions
 e - 3 potions of flight
 g - a potion of magic {unknown}
 m - a potion of haste
 r - a potion of lignification {unknown}


   Skills:
 - Level 8.0 Fighting
 - Level 15.9 Maces & Flails
 - Level 10.3 Armour
 + Level 8.0 Dodging
 - Level 3.6 Shields
 * Level 4.8 Invocations


You had 10 spell levels left.
You didn't know any spells.
Your spell library contained the following spells:

 Spells                   Type           Power      Damage    Failure   Level
 Apportation              Tloc           0%         N/A       71%         1
 Necrotise                Necr           0%         1d4       71%         1
 Sandblast                Erth           0%         2d4       71%         1
 Slow                     Hex            0%         N/A       71%         1
 Ensorcelled Hibernation  Hex/Ice        0%         N/A       85%         2
 Passwall                 Tmut/Erth      0%         N/A       85%         2
 Confusing Touch          Hex            0%         N/A       97%         3
 Gell's Gravitas          Tloc           0%         N/A       97%         3
 Stone Arrow              Conj/Erth      0%         3d7       97%         3
 Swiftness                Air            0%         N/A       97%         3
 Teleport Other           Tloc           0%         N/A       97%         3
 Vampiric Draining        Necr           0%         2d6       97%         3
 Vhi's Electric Charge    Tloc/Air       0%         N/A       97%         3
 Arcjolt                  Conj/Air       0%         1d10      100%        5
 Iskenderun's Battlesphe  Conj           0%         2d6       100%        5
 Dispersal                Tloc           0%         N/A       100%        6
 Iron Shot                Conj/Erth      0%         9d1       100%        6
 Maxwell's Capacitive Co  Air            0%         ∞         100%        8
 Summon Small Mammal      Summ           Unusable   N/A       N/A         1
 Spellforged Servitor     Conj/Summ      Unusable   N/A       N/A         7

Dungeon Overview and Level Annotations

Branches:
Dungeon (9/15)             Temple (1/1) D:4            Lair (2/5) D:8
  Sewer (visited)
  Swamp: Lair:2-3    Shoals: Lair:2-3     Snake: Lair:2-3    Spider: Lair:2-3
    Orc: D:9-12

Altars:
Cheibriados
Dithmenos
Elyvilon
Fedhas
Gozag
Hepliaklqana
Kikubaaqudgha
Okawaru
Qazlal
Sif Muna
Trog
Uskayaw
Vehumet
Wu Jian
Xom
Yredelemnul
Zin
The Shining One

Shops:
D:2 [


Innate Abilities, Weirdness & Mutations

You have a pair of large horns on your head.
You reflexively headbutt those who attack you in melee.
Your body sometimes deteriorates upon taking damage.
Your flesh is heat resistant. (rF+)
Potions are less effective at restoring your health.
You occasionally lose the ability to read scrolls when taking damage.


Message History

Okay, then.
As you read the scroll of teleportation, it crumbles to dust.
You feel strangely unstable.
You are engulfed in calcifying dust.
The ice encasing you melts away.
Your surroundings suddenly seem different.
The catoblepas breathes a plume of calcifying dust at you.
The blast of calcifying dust hits you!
Okay, then.
You start putting on your armour.
You continue putting on the +3 scale mail of the Midnight Sun {Harm rElec rN+ Int+3}. x2
The catoblepas breathes a plume of calcifying dust at you.
Keep equipping yourself?
The blast of calcifying dust hits you.
You continue putting on the +3 scale mail of the Midnight Sun {Harm rElec rN+ Int+3}.
You are engulfed in calcifying dust.
You are slowing down.
You continue putting on the +3 scale mail of the Midnight Sun {Harm rElec rN+ Int+3}.
You are engulfed in calcifying dust.
Your limbs are stiffening.
You finish putting on the +3 scale mail of the Midnight Sun {Harm rElec rN+ Int+3}.
You feel clever.
The catoblepas attacks as you move away!
The catoblepas gores you!
You have turned to stone.
The catoblepas breathes a plume of calcifying dust at you.
The blast of calcifying dust hits you.
You are engulfed in calcifying dust.
The catoblepas gores you!
You are engulfed in calcifying dust.
The sentinel's mark upon you fades away.
The catoblepas gores you!
You are engulfed in calcifying dust.
The catoblepas gores you but does no damage.
The catoblepas gores you!
* * * LOW HITPOINT WARNING * * *
The catoblepas gores you!
* * * LOW HITPOINT WARNING * * *
The catoblepas gores you!
* * * LOW HITPOINT WARNING * * *
The catoblepas gores you!
* * * LOW HITPOINT WARNING * * *
The catoblepas gores you!!
You die...

...........§..........
###...........§§........
#............†§<§§......
#...........<....§.....
#.........###.P#####.#.
#.........# #### #
#.........# ##....Y...#
#....@...# #........##
#.........#### ##
#.........#...########.
...................>....
.........................
.......[.................
.................)......
.....................


You could see a catoblepas.

Vanquished Creatures
  A hydra (Lair:2)
  Maurice (D:9)
  5 black mambas
  2 cane toads (Lair:1)
  The ghost of TangoThomas the Changer, a novice MfTm of Ashenzari (D:5)
  Maggie (D:7)
  2 komodo dragons (Lair:1)
  2 rime drakes (Lair:2)
  A polar bear (Lair:1)
  Prince Ribbit (D:5)
  7 blink frogs (Lair:2)
  4 wyverns
  2 basilisks (Lair:1)
  2 steam dragons
  12 yaks
  3 water moccasins
  3 orc warriors
  An ice beast (D:6)
  A sky beast (D:7)
  3 black bears
  2 ogres
  3 centaurs
  A kobold brigand (D:4)
  4 bullfrogs
  2 gnoll sergeants
  3 scorpions
  10 killer bees (D:8)
  10 howler monkeys
  7 orc priests
  3 hounds
  Crazy Yiuf (D:5)
  2 iguanas (D:7)
  Terence (D:2)
  Jessica (D:2)
  Natasha (thrice) (D:2)
  A sleepcap (D:8)
  5 orc wizards
  19 gnolls
  5 adders
  A river rat (D:4)
  2 shadow imps
  A white imp (D:6)
  2 ufetubi
  A worm (D:4)
  4 dart slugs
  26 orcs
  5 bats
  6 endoplasms
  2 giant cockroaches
  4 goblins (D:1)
  3 hobgoblins
  4 jackals
  8 kobolds
  5 quokkas
  10 ball pythons
  6 frilled lizards
  7 rats
235 creatures vanquished.

Vanquished Creatures (collateral kills)
  A goblin (D:4)
1 creature vanquished.

Grand Total: 236 creatures vanquished

Notes
Turn   | Place    | Note
-------+----------+-------------------------------------------
     0 | D:1      | popas the Minotaur Fighter began the quest for the Orb.
     0 | D:1      | Reached XP level 1. HP: 19/19 MP: 0/0
   104 | D:1      | Reached skill level 3 in Maces & Flails
   105 | D:1      | Reached XP level 2. HP: 21/27 MP: 1/1
   146 | D:1      | Found a faded altar of an unknown god.
   360 | D:1      | Reached skill level 4 in Maces & Flails
   548 | D:1      | Reached XP level 3. HP: 32/33 MP: 2/2
   743 | D:2      | Noticed Natasha
   779 | D:2      | Killed Natasha
   854 | D:2      | Reached skill level 5 in Maces & Flails
   897 | D:2      | Noticed Terence
   907 | D:2      | Killed Terence
   908 | D:2      | Reached XP level 4. HP: 22/40 MP: 3/3
  1039 | D:2      | Found Niydgh's Antique Armour Shoppe.
  1048 | D:2      | Noticed Natasha
  1051 | D:2      | Killed Natasha
  1052 | D:2      | Reached skill level 6 in Maces & Flails
  1116 | D:2      | Noticed Jessica
  1126 | D:2      | Killed Jessica
  1127 | D:2      | Reached XP level 5. HP: 33/46 MP: 4/4
  1364 | D:2      | Noticed Natasha
  1369 | D:2      | Killed Natasha
  1777 | D:3      | Reached skill level 7 in Maces & Flails
  2164 | D:3      | Found an ancient bone altar of Kikubaaqudgha.
  2393 | D:4      | Reached XP level 6. HP: 52/52 MP: 5/5
  2457 | D:4      | Identified the +1 robe "Teleinot" {SInv Stlth+}
  2469 | D:4      | Found a glowing drain.
  2486 | D:4      | Reached skill level 8 in Maces & Flails
  2491 | Sewer    | Entered a sewer
  2552 | Sewer    | Noticed a water moccasin
  2558 | Sewer    | Killed a water moccasin
  2783 | D:4      | Reached skill level 9 in Maces & Flails
  2792 | D:4      | Reached XP level 7. HP: 41/58 MP: 6/6
  3092 | D:4      | Found a shimmering blue altar of Sif Muna.
  3098 | D:4      | Gained mutation: You are weak. (Str -2) [potion of
                  | mutation]
  3334 | D:4      | Reached skill level 10 in Maces & Flails
  3478 | D:4      | Found a staircase to the Ecumenical Temple.
  3492 | Temple   | Entered the Ecumenical Temple
  3538 | Temple   | Became a worshipper of Warmaster Okawaru
  3746 | D:4      | Found a snail-covered altar of Cheibriados.
  3818 | D:5      | Entered Level 5 of the Dungeon
  3824 | D:5      | Found a runed translucent door.
  3824 | D:5      | Noticed TangoThomas's ghost (novice MfTm)
  3840 | D:5      | Killed TangoThomas's ghost
  3840 | D:5      | Reached * piety under Okawaru
  3841 | D:5      | Reached skill level 5 in Armour
  3994 | D:4      | Reached XP level 8. HP: 58/67 MP: 7/7
  4155 | D:5      | Reached skill level 5 in Fighting
  4184 | D:5      | Found the +5 woodcutter's axe
  4297 | D:5      | Found a bloodstained altar of Trog.
  4301 | D:5      | Found an ornate altar of the Wu Jian Council.
  4305 | D:5      | Found a shimmering altar of Xom.
  4404 | D:5      | Found a runed translucent door.
  4405 | D:5      | Noticed Crazy Yiuf
  4445 | D:5      | Noticed Prince Ribbit
  4490 | D:5      | Killed Prince Ribbit
  4736 | D:5      | Found a white marble altar of Elyvilon.
  5106 | D:5      | Killed Crazy Yiuf
  5547 | D:6      | Reached ** piety under Okawaru
  5548 | D:6      | Reached XP level 9. HP: 65/79 MP: 8/8
  6269 | D:7      | Found a stormy altar of Qazlal.
  6301 | D:7      | Found a basalt altar of Yredelemnul.
  6317 | D:7      | Reached skill level 11 in Maces & Flails
  6485 | D:7      | Noticed Maggie
  6677 | D:7      | Found a shadowy altar of Dithmenos.
  6716 | D:7      | Reached *** piety under Okawaru
  6821 | D:7      | Killed Maggie
  6822 | D:7      | Reached skill level 12 in Maces & Flails
  7224 | D:8      | Reached skill level 13 in Maces & Flails
  7427 | D:8      | Lost mutation: You are weak. (Str -2) [potion of mutation]
  7427 | D:8      | Gained mutation: Your body sometimes deteriorates upon
                  | taking damage. [potion of mutation]
  7427 | D:8      | Gained mutation: You have hidden genetic defects. [potion
                  | of mutation]
  7427 | D:8      | Gained mutation: Your flesh is heat resistant. (rF+)
                  | [potion of mutation]
  7427 | D:8      | Gained mutation: You have a pair of large horns on your
                  | head. [potion of mutation]
  7447 | D:8      | Reached XP level 10. HP: 88/88 MP: 9/9
  7481 | D:8      | Found a staircase to the Lair.
  7499 | D:8      | Reached **** piety under Okawaru
  7501 | D:8      | Reached skill level 14 in Maces & Flails
  7507 | D:8      | Gained mutation: You occasionally lose the ability to read
                  | scrolls when taking damage. [hidden defects]
  8065 | D:9      | Noticed Maurice
  8070 | D:9      | Paralysed by Maurice for 5 turns
  8080 | D:9      | Killed Maurice
  8465 | D:8      | Reached skill level 15 in Maces & Flails
  8512 | Lair:1   | Entered Level 1 of the Lair of Beasts
  8523 | Lair:1   | Noticed a cane toad
  8539 | Lair:1   | Killed a cane toad
  8540 | Lair:1   | Gained mutation: Potions are less effective at restoring
                  | your health. [hidden defects]
  8540 | Lair:1   | Lost mutation: You have hidden genetic defects. [hidden
                  | defects expressed]
  8542 | Lair:1   | Noticed a black mamba
  8556 | Lair:1   | Killed a black mamba
  8685 | Lair:1   | Reached skill level 1 in Dodging
  8738 | Lair:1   | Noticed a black mamba
  8746 | Lair:1   | Killed a black mamba
  8746 | Lair:1   | Reached ***** piety under Okawaru
  8777 | Lair:1   | Reached XP level 11. HP: 52/94 MP: 10/10
  8794 | Lair:1   | HP: 2/94 [yak (5)]
  8797 | Lair:1   | Reached skill level 5 in Dodging
  9178 | Lair:1   | Reached skill level 10 in Armour
  9189 | Lair:1   | Identified the +6 rapier of the Howling One {spect, Will+
                  | Int+5 SInv Stlth+}
  9530 | Lair:1   | Identified a scroll of acquirement
  9530 | Lair:1   | Acquired a manual of Shields
  9557 | Lair:1   | Received a gift from Okawaru
 10081 | Lair:2   | Noticed a catoblepas
 10121 | Lair:2   | Noticed a five-headed hydra
 10128 | Lair:2   | Reached skill level 1 in Invocations
 10136 | Lair:2   | Killed a five-headed hydra
 10817 | Lair:2   | Identified the +3 scale mail of the Midnight Sun {Harm
                  | rElec rN+ Int+3} (Okawaru gifted it to you on level 2 of
                  | the Lair of Beasts)
 10817 | Lair:2   | Received a gift from Okawaru
 10850 | Lair:2   | Slain by a catoblepas

Illustrated notes

Levels and vault maps discovered:
D:1:      dpeg_arrival_rooms_a, layout_rooms, ebering_ecumenical_altar_abandoned
D:2:      layout_basic, serial_shops, nicolae_shop_waterfront,
          nrook_mini_backslash, uniq_terence, uniq_natasha, uniq_jessica
D:3:      layout_loops_ring, nicolae_kikubaaqudgha_miasma_corner,
          chequers_serial_rivers_micro_e
D:4:      layout_loops_ring, nicolae_sif_muna_condensation, kennysheep_mini,
          minmay_temple_entry_offerings, portal_sewer_entry_c
D:5:      layout_gridville, elyvilon_altar_4, grunt_temple_overflow_diamond,
          gammafunk_ghost_grave, uniq_prince_ribbit1, uniq_crazy_yiuf_cottage
D:6:      layout_loops_ring
D:7:      layout_layer_cave, grunt_qazlal_sundering, grunt_dithmenos_smoke,
          mainiacjoe_overflow_alcove_1, uniq_maggie
D:8:      layout_loops_ring, david_lair_generic
D:9:      layout_cave_pods, uniq_maurice
Temple:   hellmonk_temple_beads
Lair:1:   layout_cave_pods, grunt_megastairs_1, serial_bayou_shore_b
Lair:2:   layout_big_grid, serial_bayou_shore_b

Skill      XL: |  1  2  3  4  5  6  7  8  9 10 11 |
---------------+----------------------------------+-----
Maces & Flails | 3 4 5 6 7 9 10 13 15 | 15.9
Fighting       | 4 7 8 |  8.0
Armour         | 5 8 9 10 | 10.3
Dodging        | 4 8 |  8.0
Invocations    | 4 |  4.8
Shields        | |  3.6

Action                     |  1- 3 |  4- 6 |  7- 9 | 10-12 || total
---------------------------+-------+-------+-------+-------++-------
  Melee: Flail             |    54 |    55 |       |       ||   109
         Headbutt          |     6 |    15 |    40 |    38 ||    99
         Mace              |       |    61 |   265 |   224 ||   550
  Throw: Javelin           |       |       |     1 |     6 ||     7
 Invoke: Heroism           |       |       |     1 |     1 ||     2
  Evoke: Wand              |       |       |     1 |       ||     1
    Use: Scroll            |     4 |     4 |    15 |     4 ||    27
         Potion            |       |     2 |    10 |     7 ||    19
   Stab: Invisible         |       |       |     1 |       ||     1
 Armour: Scale mail        |    13 |    28 |    99 |     1 ||   141
         Swamp dragon scal |       |       |    23 |    81 ||   104
  Dodge: Dodged            |    14 |    52 |   123 |   105 ||   294
  Block: Buckler           |     8 |    23 |    81 |    61 ||   173
